 Dungeon Crawl Stone Soup version 0.22.0-6-g71bd7aa (webtiles) character file.

3605 Dietz the Carver (level 10, -1/77 HPs)
             Began as a Barachi Necromancer on Aug 15, 2018.
             Was an Elder of Cheibriados.
             Slain by an orc warrior
             ... wielding a +0 hand axe of draining
              (4 damage)
             ... on level 9 of the Dungeon.
             The game lasted 00:41:54 (10670 turns).

Dietz the Carver (Barachi Necromancer)             Turns: 10670, Time: 00:41:55

Health: -1/77      AC:  7    Str: 18    XL:     10   Next: 10%
Magic:  15/19      EV: 15    Int: 24    God:    Cheibriados [****..]
Gold:   300        SH:  0    Dex: 26    Spells: 3/21 levels left

rFire    . . .     SeeInvis +   k - +0 scimitar
rCold    . . .     Gourm    .   (no shield)
rNeg     . . .     Faith    .   f - +2 ring mail {rPois}
rPois    +         Spirit   .   (helmet restricted)
rElec    .         Reflect  .   (no cloak)
rCorr    .         Harm     .   (no gloves)
MR       .....     Clarity  +   (no boots)
Stlth    +.........             (no amulet)
HPRegen  0.22/turn              b - ring of see invisible
MPRegen  0.16/turn              r - ring of wizardry

@: heavily drained, very slow
A: +LOS, swims, horns 1, clarity, slowness 1, MP-powered wands, strong legs 1
a: Hop, Bend Time, Temporal Distortion, Slouch, Renounce Religion


You were on level 9 of the Dungeon.
You worshipped Cheibriados.
Cheibriados was greatly pleased with you.
You were hungry.

You visited 2 branches of the dungeon, and saw 10 of its levels.

You collected 391 gold pieces.
You spent 91 gold pieces at shops.

Inventory:

Hand Weapons
 k - a +0 scimitar (weapon)
 m - a +1 spear
 o - a +1 dagger of electrocution
Missiles
 e - 264 stones (quivered)
 x - 16 poisoned needles
 y - 5 needles of confusion
Armour
 a - a +1 robe
 f - a +2 ring mail of poison resistance (worn)
 p - a +0 shield
 v - the +0 pair of boots "Cuivetea" {Dex+4, unknown}
   (You found it on level 7 of the Dungeon)

   It affects your dexterity (+4).
Jewellery
 b - a ring of see invisible (left hand)
 r - a ring of wizardry (right hand)
Wands
 n - a wand of flame (10)
 z - a wand of clouds (4)
Scrolls
 h - a scroll of teleportation
 i - a scroll of amnesia
 j - 5 scrolls of remove curse
 l - a scroll of random uselessness {unknown}
 q - 2 scrolls of enchant weapon
 s - a scroll of blinking {unknown}
 t - 2 scrolls of magic mapping
 w - 2 scrolls of identify
Potions
 d - 4 potions of curing
 g - a potion of mutation
 u - a potion of heal wounds
 A - 2 potions of degeneration {unknown}
Comestibles
 c - 19 rations


   Skills:
 + Level 6.5(4.7) Fighting
 + Level 10.3(8.2) Long Blades
 + Level 6.7(4.8) Dodging
 - Level 1.7(0.1) Stealth
 - Level 6.0(4.2) Spellcasting
 - Level 6.0(4.2) Necromancy


You had 3 spell levels left.
You knew the following spells:

 Your Spells              Type           Power        Failure   Level  Hunger
a - Pain                  Necr           ####         1%          1    None
b - Animate Skeleton      Necr           N/A          1%          1    None
c - Vampiric Draining     Necr           ####......   3%          3    ##.....
d - Regeneration          Chrm/Necr      ###.......   9%          3    ##.....
e - Animate Dead          Necr           N/A          12%         4    ####...
f - Beastly Appendage     Tmut           #.....       7%          1    None
g - Spider Form           Tmut/Pois      #.........   21%         3    ##.....
h - Sticks to Snakes      Tmut           #.......     11%         2    None

Your spell library contained the following spells:

 Spells                   Type           Power        Failure   Level  Hunger
 Blade Hands              Tmut           #.........   86%         5    #####..
 Ice Form                 Ice/Tmut       #.......     52%         4    ####...


Dungeon Overview and Level Annotations

Branches:
Dungeon (9/15)             Temple (1/1) D:5
   Lair: D:8-11         Orc: D:9-12

Altars:
Ashenzari
Cheibriados
Dithmenos
Elyvilon
Fedhas
Gozag
Hepliaklqana
Kikubaaqudgha
Makhleb
Okawaru
Qazlal
Ru
Sif Muna
Trog
Uskayaw
Vehumet
Wu Jian
Xom
Yredelemnul
Zin
The Shining One

Shops:
D:4 *   D:6 [   D:7 }

Annotations:
D:5 exclusion: wyvern
D:8 Erica
D:9 3 runed doors, aperiodic's ghost, novice VSAr


Innate Abilities, Weirdness & Mutations

Shadows flee at your approach. (+LOS)
You can swim through water.
You cover ground slowly.
You can hop short distances.
You have a pair of small horns on your head.
You possess an exceptional clarity of mind.
You expend magic power (3 MP) to strengthen your wands.


Message History

You hit the orc warrior but do no damage.
The orc warrior is almost dead.
The orc closely misses you.
You riposte.
You barely miss the orc. You headbutt the orc.
The orc is severely wounded.
The orc warrior hits you with a hand axe of draining!
* * * LOW HITPOINT WARNING * * *
You feel drained.
* * * LOW HITPOINT WARNING * * *
Casting: Pain (safe; 1% risk of failure)
Confirm with . or Enter, or press ? or * to list all spells.
Aiming: Vampiric Draining (safe; 3% risk of failure)
Press: ? - help, Shift-Dir - straight line, f/p - orc warrior
Aim: an orc warrior, wielding a hand axe of draining and wearing a glowing plate armour (almost dead)
The orc warrior is almost dead.
You feel life coursing into your body. The orc closely misses you.
The orc warrior hits you with a hand axe of draining!
* * * LOW HITPOINT WARNING * * *
You feel drained.
You die...

....##.....
#..............# #.
....##.....
#..............# #.
........###
#..............# #.
........# #......#########
## ........... #......#...
........... #......'....#
........... #......#....#
#######+######.oo)..##..##
................@#+## .o#
.................# .+
.................# #
.................#
.................+
.................#
.....########....#
.....+......#....#
.....#......'....#


You could see an orc warrior and an orc.

Vanquished Creatures
  Grinder (D:6)
  Prince Ribbit (D:7)
  A hungry ghost (D:7)
  A water moccasin (D:8)
  A sky beast (D:6)
  An ice beast (D:8)
  A necrophage (D:9)
  An ogre (D:7)
  A big kobold (D:9)
  2 bullfrogs
  2 scorpions
  3 wights
  9 killer bees
  A crimson imp (D:8)
  4 bullfrog zombies
  A quasit (D:5)
  6 hounds
  A gnoll shaman (D:8)
  3 orc priests
  17 orc wizards
  4 jellies
  A hell rat (D:7)
  4 worker ants
  A howler monkey zombie (D:7)
  A worker ant zombie (D:8)
  3 gnolls (D:8)
  9 adders
  2 howler monkey skeletons
  A shadow imp (D:7)
  4 oozes
  2 adder skeletons
  2 adder zombies (D:5)
  3 dart slugs
  2 leopard geckos
  26 orcs
  2 ball pythons
  2 giant cockroaches
  5 goblins
  8 hobgoblins
  8 jackals
  8 kobolds
  4 quokkas
  A ball python skeleton (D:4)
  5 bats
  4 frilled lizards
  A quokka skeleton (D:4)
  12 rats
183 creatures vanquished.

Vanquished Creatures (collateral kills)
  A black bear (D:7)
  An orc warrior (D:7)
  An ice beast (D:7)
  A sky beast (D:7)
  A water moccasin zombie (D:7)
  A bullfrog skeleton (D:5)
  A worker ant zombie (D:6)
  An adder (D:2)
  A shadow imp (D:5)
  A leopard gecko (D:7)
  2 orcs
  A bat (D:1)
  2 rats (D:7)
15 creatures vanquished.

Vanquished Creatures (others)
  A human (D:3)
1 creature vanquished.

Grand Total: 199 creatures vanquished

Notes
Turn   | Place    | Note
-------+----------+-------------------------------------------
     0 | D:1      | Dietz the Barachi Necromancer began the quest for the Orb.
     0 | D:1      | Reached XP level 1. HP: 13/13 MP: 3/3
   231 | D:1      | Reached XP level 2. HP: 18/19 MP: 1/5
   328 | D:1      | Learned a level 1 spell: Animate Skeleton
   849 | D:2      | Reached XP level 3. HP: 23/24 MP: 3/6
  1551 | D:2      | Reached XP level 4. HP: 29/30 MP: 5/8
  2433 | D:3      | Found a shimmering altar of Xom.
  2470 | D:3      | Found an ornate altar of the Wu Jian Council.
  2578 | D:3      | Learned a level 3 spell: Vampiric Draining
  2582 | D:3      | Learned a level 3 spell: Regeneration
  2609 | D:3      | Found an ancient bone altar of Kikubaaqudgha.
  2612 | D:3      | Noticed a human
  2613 | D:3      | Killed a human
  2690 | D:3      | Reached XP level 5. HP: 28/35 MP: 5/10
  2909 | D:4      | Found a glowing silver altar of Zin.
  3185 | D:4      | Learned a level 4 spell: Animate Dead
  3212 | D:4      | Reached skill level 5 in Necromancy
  3295 | D:4      | You fall through a shaft for 2 floors!
  3303 | D:6      | Reached XP level 6. HP: 29/41 MP: 6/12
  3308 | D:6      | Noticed Grinder
  3623 | D:6      | Reached skill level 5 in Spellcasting
  3731 | D:5      | Entered Level 5 of the Dungeon
  3825 | D:4      | Reached XP level 7. HP: 41/46 MP: 9/14
  3916 | D:4      | Found an opulent altar of Gozag.
  4082 | D:4      | Found Qesagec's Assorted Antiques.
  4091 | D:4      | Bought a long sword for 91 gold pieces
  4660 | D:5      | Found a white marble altar of Elyvilon.
  5000 | D:5      | Noticed a wyvern
  5013 | D:5      | Reached skill level 1 in Long Blades
  5093 | D:5      | Found a staircase to the Ecumenical Temple.
  5107 | Temple   | Entered the Ecumenical Temple
  5324 | Temple   | Became a worshipper of Cheibriados the Contemplative
  5352 | D:5      | Found a white marble altar of Elyvilon.
  5378 | D:5      | Reached skill level 1 in Fighting
  5385 | D:5      | Reached skill level 2 in Long Blades
  5729 | D:6      | Reached XP level 8. HP: 19/55 MP: 14/17
  5953 | D:6      | Reached skill level 3 in Long Blades
  6017 | D:6      | Paralysed by Grinder for 7 turns
  6029 | D:6      | Paralysed by Grinder for 5 turns
  6042 | D:6      | Killed Grinder
  6042 | D:6      | Reached * piety under Cheibriados
  6042 | D:6      | Reached skill level 4 in Long Blades
  6441 | D:6      | Reached skill level 5 in Long Blades
  6786 | D:6      | Found Mulo Laoseext's Antique Armour Emporium.
  7330 | D:6      | Reached skill level 6 in Long Blades
  7509 | D:7      | Found a shadowy altar of Dithmenos.
  7538 | D:7      | Reached ** piety under Cheibriados
  7748 | D:7      | Reached XP level 9. HP: 62/65 MP: 18/18
  7793 | D:7      | Noticed Prince Ribbit
  7840 | D:7      | Reached skill level 7 in Long Blades
  7840 | D:7      | Reached skill level 5 in Dodging
  7854 | D:7      | Got a pair of translucent boots
  7930 | D:7      | Found Ysats's Gadget Boutique.
  8092 | D:7      | Killed Prince Ribbit
  8092 | D:7      | Reached skill level 8 in Long Blades
  8122 | D:7      | Reached skill level 5 in Fighting
  8135 | D:7      | Learned a level 1 spell: Beastly Appendage
  8553 | D:7      | Gained mutation: You have a pair of small horns on your head. [potion of mutation]
  8553 | D:7      | Gained mutation: You possess an exceptional clarity of mind. [potion of mutation]
  8553 | D:7      | Gained mutation: You expend magic power (3 MP) to strengthen your wands. [potion of mutation]
  8639 | D:6      | Reached *** piety under Cheibriados
  9022 | D:8      | Noticed Erica
  9303 | D:8      | Reached skill level 9 in Long Blades
 10011 | D:8      | Reached **** piety under Cheibriados
 10055 | D:8      | Reached XP level 10. HP: 62/76 MP: 19/19
 10059 | D:8      | Noticed a two-headed ogre
 10073 | D:9      | Found a runed gate.
 10073 | D:9      | Found a runed gate.
 10073 | D:9      | Found a runed gate.
 10073 | D:9      | Noticed aperiodic's ghost (novice VSAr)
 10365 | D:9      | Learned a level 3 spell: Spider Form
 10368 | D:9      | Learned a level 2 spell: Sticks to Snakes
 10394 | D:9      | Found a blossoming altar of Fedhas.
 10472 | D:9      | Reached skill level 10 in Long Blades
 10670 | D:9      | HP: 3/77 [orc warrior/hand axe of draining (14)]
 10670 | D:9      | Slain by an orc warrior

Skill      XL: |  1  2  3  4  5  6  7  8  9 10 |
---------------+-------------------------------+-----
Necromancy     | 4 5 6 |  6.0
Spellcasting   | 3 4 5 6 |  6.0
Dodging        | 3 4 6 |  6.7
Long Blades    | 2 6 9 10 | 10.3
Fighting       | 1 4 6 |  6.5
Stealth        | |  1.7

Action                   |  1- 3 |  4- 6 |  7- 9 | 10-12 || total
-------------------------+-------+-------+-------+-------++-------
Melee: Whip              |    14 |     1 |       |       ||    15
       Spear             |       |    50 |     3 |       ||    53
       Long sword        |       |       |   250 |       ||   250
       Scimitar          |       |       |    85 |    21 ||   106
       Headbutt          |       |       |    21 |    11 ||    32
Throw: Stone             |       |     2 |       |       ||     2
 Cast: Pain              |    67 |    94 |   129 |    17 ||   307
       Animate Skeleton  |    11 |    12 |    19 |     2 ||    44
       Vampiric Draining |       |     4 |    19 |     3 ||    26
       Regeneration      |       |       |     3 |       ||     3
 Abil: Hop               |       |     1 |     1 |     1 ||     3
Evoke: Wand              |       |       |     8 |       ||     8
  Use: Potion            |       |     3 |     8 |       ||    11
       Scroll            |       |     8 |     2 |       ||    10
 Stab: Sleeping          |       |     1 |       |       ||     1
       Distracted        |       |       |     1 |       ||     1
  Eat: Chunk             |     3 |     8 |    21 |       ||    32
Armor: Robe              |     4 |    10 |    16 |       ||    30
       Ring mail         |       |       |   155 |     7 ||   162
       Skin              |       |       |     5 |       ||     5
Dodge: Dodged            |    25 |    48 |   405 |    27 ||   505
       Rpst.: Long sword |       |       |    73 |       ||    73
       Scimitar          |       |       |    49 |    13 ||    62
